AoeStats
← Tavik

Arabia

508539059Analyzed
2v2 RM · 9d ago on Sep 22, 2026· 39m 4s· 4 players
Game mode
Random Map
Map size
Medium (4 player)
Population
200
Speed
Normal
Resources
Standard
Victory
Conquest
Starting age
Dark Age
Ending age
Imperial Age
RankedLock teamsTeams togetherTeam positionsShared explorationLock speedFull tech treeHidden civsTurbo modeCheats
Victory
Defeat
🇺🇸 Persians · United States
1300
+17
🇦🇷 Mongols · Argentina
1271
+18
🇨🇿 Japanese · Czechia
1328
-17
🇨🇿 Magyars · Czechia
1323
-18
CastleLake
6:19 Loom
9:05 Feudal Age
9:37 Double-Bit Axe
13:47 Horse Collar
15:48 Forging
17:10 Wheelbarrow
20:36 Castle Age
20:00 Bloodlines
19:52 Gold Mining
21:14 Scale Barding Armor
21:34 Husbandry
25:30 Town Watch
27:02 Chain Barding Armor
35:35 Imperial Age
34:09 Stone Mining
35:37 Iron Casting
35:06 Heavy Plow
36:03 Stone Shaft Mining
36:35 Plate Barding Armor
36:24 Light Cavalry
Muten
5:53 Loom
8:30 Feudal Age
10:31 Double-Bit Axe
14:19 Horse Collar
15:33 Wheelbarrow
15:52 Padded Archer Armor
17:33 Wheelbarrow
18:56 Gold Mining
22:05 Castle Age
24:01 Bloodlines
23:52 Husbandry
24:49 Fletching
25:07 Scale Barding Armor
26:33 Thumb Ring
27:21 Bodkin Arrow
30:22 Leather Archer Armor
29:58 Light Cavalry
30:53 Forging
35:48 Chain Barding Armor
39:09 Ballistics
38:44 Murder Holes
38:37 Town Watch
Tavik
7:37 Loom
10:11 Feudal Age
14:39 Fletching
15:55 Horse Collar
25:53 Castle Age
24:33 Padded Archer Armor
25:19 Double-Bit Axe
26:34 Bloodlines
25:58 Elite Skirmisher
25:59 Crossbowman
26:55 Thumb Ring
27:50 Bodkin Arrow
30:00 Wheelbarrow
35:20 Ballistics
36:05 Leather Archer Armor
35:55 Husbandry
Melioth
6:26 Loom
8:53 Feudal Age
9:57 Horse Collar
16:06 Double-Bit Axe
19:46 Scale Barding Armor
22:53 Castle Age
22:47 Gold Mining
24:26 Heavy Plow
24:38 Bow Saw
24:54 Chain Barding Armor
24:52 Bloodlines
24:43 Husbandry
27:09 Light Cavalry
28:43 Wheelbarrow
29:06 Pikeman
30:26 Scale Mail Armor
41:06 Imperial Age
38:53 Hand Cart
Connection lost

Rejoining the realm…

Still unreachable

The connection could not be restored.

Session expired

The server has moved on; the page needs a fresh start.